 Dungeon Crawl Stone Soup version 0.30-a0-879-ga8ba668304 (webtiles) character file.

Game seed: 2076987563031264349

89612 Sobieck the Unseen (level 15, -2/85 HPs)
             Began as a Spriggan Brigand on Mar 11, 2023.
             Was the Champion of Wu Jian.
             Slain by a minotaur
             ... wielding a staff of air
              (15 damage)
             ... in a Gauntlet on Mar 12, 2023.
             The game lasted 01:31:52 (28693 turns).

Sobieck the Unseen (Spriggan Brigand)              Turns: 28693, Time: 01:31:53

Health: -2/85      AC: 10    Str:  7      XL:     15   Next: 49%
Magic:  23/23      EV: 35    Int: 15 (17) God:    Wu Jian [******]
Gold:   630        SH:  0    Dex: 26      Spells: 18/24 levels left

rFire   + + +      SeeInvis +    a - +9 rapier of Calamity {flame, rPois, short}
rCold   . . .      Faith    .    m - orb {*Rage}
rNeg    . . .      Spirit   .    j - +3 troll leather armour
rPois   +          Reflect  .    O - +2 hat {Stlth+}
rElec   .          Rampage  .    c - +0 cloak
rCorr   +          NoTele   +    (gloves unavailable)
Will    +++..      Rage     20%  (boots unavailable)
Stlth   +++++++++                P - amulet of the acrobat
HPRegen 1.14/turn                r - ring "Micat" {rF+++ rCorr Dex+6}
MPRegen 0.18/turn                K - ring of willpower

@: mighty, on berserk cooldown, hasted and slowed, very quick
A: very small, no large weapons, unfitting armour, see invisible, speed 3
a: Renounce Religion, Wall Jump, Serpent's Lash, Heavenly Storm


You were in a Gauntlet.
You worshipped Wu Jian.
Wu Jian was exalted by your worship.
You visited 3 branches of the dungeon, and saw 21 of its levels.
You also visited: Sewer, Bailey and Gauntlet.

You collected 1317 gold pieces.
You spent 687 gold pieces at shops.


Innate Abilities, Weirdness & Mutations

You are very small and have problems with some larger weapons.
You are too small for most types of armour.
You have supernaturally acute eyesight. (SInv)
You cover ground extremely quickly. (Speed+++)


   Skills:
 + Level 12.6 Fighting
 - Level 14.0 Short Blades
 - Level 2.0 Throwing
 + Level 17.5 Dodging
 - Level 19.0 Stealth
 - Level 5.0 Spellcasting
 - Level 2.0 Conjurations
 - Level 11.0 Hexes


You had 18 spell levels left.
You knew the following spells:

 Your Spells              Type           Power      Damage    Failure   Level
a - Confusing Touch       Hex            36%        N/A       1%          3
b - Dazzling Flash        Conj/Hex       46%        N/A       4%          3

Your spell library contained the following spells:

 Spells                   Type           Power      Damage    Failure   Level
 Cause Fear               Hex            18%        N/A       2%          4
 Inner Flame              Hex/Fire       20%        N/A       8%          3
 Summon Guardian Golem    Hex/Summ       20%        N/A       8%          3
 Magic Dart               Conj           36%        1d4       11%         1
 Kiss of Death            Conj/Necr      24%        2d7       16%         1
 Apportation              Tloc           6%         N/A       24%         1
 Necrotise                Necr           12%        1d4       24%         1
 Summon Small Mammal      Summ           12%        N/A       24%         1
 Anguish                  Hex/Necr       10%        N/A       26%         4
 Blink                    Tloc           6%         N/A       36%         2
 Call Imp                 Summ           3%         N/A       36%         2
 Cigotuvi's Dreadful Rot  Necr/Pois/Air  6%         N/A       36%         2
 Passwall                 Tmut/Erth      2%         N/A       36%         2
 Poisonous Vapours        Pois/Air       6%         N/A       36%         2
 Stone Arrow              Conj/Erth      12%        3d7       43%         3
 Mephitic Cloud           Conj/Pois/Air  5%         N/A       50%         3
 Silence                  Hex/Air        10%        N/A       56%         5
 Kindle Blastsparks       Fire/Tloc/Air  6%         2d10      58%         3
 Flame Wave               Conj/Fire      6%         2d5       85%         4
 Sticky Flame             Conj/Fire      6%         2d3       85%         4
 Enfeeble                 Hex            18%        N/A       92%         7
 Animate Armour           Summ/Erth      6%         N/A       94%         4
 Dispel Undead            Necr           3%         3d7       94%         4
 Manifold Assault         Tloc           3%         N/A       94%         4
 Summon Ice Beast         Ice/Summ       3%         N/A       94%         4
 Agony                    Necr           3%         N/A       100%        5
 Orb of Destruction       Conj           4%         9d5       100%        7
 Spellforged Servitor     Conj/Summ      3%         N/A       100%        7
 Storm Form               Tmut/Air       1%         N/A       100%        7
 Discord                  Hex            18%        N/A       100%        8
 Lehudib's Crystal Spear  Conj/Erth      3%         10d2      100%        8

Inventory:

Hand Weapons
 a - the +9 rapier of Calamity (weapon) {flame, rPois, short}
   (You acquired it on level 1 of the Lair of Beasts)

   rPois:     It protects you from poison.
 B - a +1 rapier of electrocution {short}
   (You acquired it in a sewer)
 U - a +2 rapier of distortion {!wshort}
   (You took it off a spriggan on level 5 of the Lair of Beasts)
Missiles
 d - 63 poisoned darts (quivered) {throwing}
 e - 7 curare-tipped darts {=fthrowing}
 o - 2 boomerangs {throwing}
 D - 2 throwing nets {=f!fthrowing}
Armour
 c - a +0 cloak (worn)
 j - a +3 troll leather armour (worn)
   (You found it on level 14 of the Dungeon)
 m - an orb of wrath (worn)
   (You found it on level 8 of the Dungeon)
 O - a +2 hat of stealth (worn)
   (You took it off Gastronok on level 8 of the Dungeon)
Jewellery
 f - the ring "Juaf Ora" {rPois Str+3}
   (You found it on level 12 of the Dungeon)

   [ring of poison resistance]

   Str:       It affects your strength (+3).
   rPois:     It protects you from poison.
 r - the ring "Micat" (left hand) {rF+++ rCorr Dex+6}
   (You acquired it on level 4 of the Dungeon)

   [ring of dexterity]

   Dex:       It affects your dexterity (+6).
   rF:        It renders you almost immune to fire.
   rCorr:     It protects you from acid and corrosion.
 K - a ring of willpower (right hand)
   (You found it on level 3 of the Lair of Beasts)
 N - the amulet of the Meadowlark {Spirit Rampage rPois rN+}
   (You found it in a Gauntlet)

   [amulet of guardian spirit]

   It causes incoming damage to be divided between your reserves of health and
   magic.
   rPois:     It protects you from poison.
   rN:        It protects you from negative energy.
   Rampage:   It bestows one free step when moving towards enemies.
 P - an amulet of the acrobat (around neck)
   (You bought it in a shop on level 4 of the Dungeon)
 R - the ring "Qoamiroc" {rC- rN++ AC+4 Dex+6}
   (You took it off an efreet on level 14 of the Dungeon)

   [ring of protection]

   AC:        It affects your AC (+4).
   Dex:       It affects your dexterity (+6).
   rC:        It makes you vulnerable to cold.
   rN:        It greatly protects you from negative energy.
 V - a ring of ice
   (You found it on level 10 of the Dungeon)
 W - a ring of fire
   (You found it on level 10 of the Dungeon)
Wands
 b - a wand of flame (24)
   (You found it on level 8 of the Dungeon)
 q - a wand of paralysis (7)
   (You found it on level 3 of the Dungeon)
 C - a wand of polymorph (6)
   (You took it off Joseph on level 1 of the Lair of Beasts)
 L - a wand of mindburst (5)
   (You took it off a spriggan on level 5 of the Lair of Beasts)
 S - a wand of light (18)
   (You took it off Maggie on level 9 of the Dungeon)
 T - a wand of iceblast (4)
   (You found it on level 4 of the Lair of Beasts)
Scrolls
 h - 2 scrolls of fear
 i - 3 scrolls of enchant weapon
 k - 8 scrolls of poison {!r}
 l - 6 scrolls of immolation {!r!r}
 p - 8 scrolls of teleportation {@r4}
 s - 2 scrolls of fog
 t - 2 scrolls of magic mapping {!r}
 u - 3 scrolls of silence {!r}
 w - 2 scrolls of enchant armour
 x - 3 scrolls of vulnerability {!r!r}
 y - 3 scrolls of blinking {!r}
 A - 2 scrolls of amnesia
 Q - 2 scrolls of butterflies
 X - a scroll of noise {!r}
Potions
 g - 7 potions of curing {@q1}
 n - 8 potions of mutation {!q}
 v - 5 potions of flight
 z - 2 potions of heal wounds {@q2}
 E - 2 potions of brilliance
 F - 5 potions of might
 G - 4 potions of invisibility
 H - 6 potions of magic
 I - 3 potions of resistance
 J - 3 potions of haste {@q3}
 M - 3 potions of lignification {!q}
 Y - 6 potions of attraction {!q}
 Z - 2 potions of berserk rage {!q}

Dungeon Overview and Level Annotations

Branches:
Dungeon (15/15) Zot: 26927  Temple (1/1) D:5 Zot: 5911    Lair (5/5) D:8 Zot: 23568
  Swamp (0/4) Lair:2       Spider (0/4) Lair:2        Slime (0/5) Lair:4
    Orc (0/2) D:11         Vaults (0/5) D:14          Sewer (visited)
 Bailey (visited)         Gauntlet (1/1) Zot: 5672
 Depths: D:15

Altars:
Ashenzari
Cheibriados
Dithmenos
Elyvilon
Fedhas
Gozag
Hepliaklqana
Kikubaaqudgha
Makhleb
Nemelex Xobeh
Okawaru
Qazlal
Ru
Sif Muna
Trog
Uskayaw
Vehumet
Wu Jian
Xom
Yredelemnul
Zin
The Shining One
Jiyva
Lugonu

Shops:
D:1 *   D:2 !   D:4 =   D:12 ?

Portals:
Abyss: Lair:5
Trove: D:13 (give +2 ice dragon scales)

Annotations:
D:9 1 exclusion
Lair:3 1 runed translucent door, epsilonplus's ghost, journeyman MiHu Gauntlet 8 transporters

..#####.##.##...#.##...##.#..###
8.#..=!©....#...#...)©[...#..#8#
..###########...###########..###
.............................#
.............≈∩≈............≈#
############################## #
#8##≈..............§§##8# #
####8.8.8..©.©..8.8.8####
#≈........H@.....≈#
#########.#########
#.............# #.###########H#
#.# #.# ## #.# .. #.# #.##H#


You could see a minotaur.


Message History

Unknown command.
You hit the minotaur but do no damage. You hit the minotaur but do no damage.
Unknown command.
You hit the minotaur but do no damage. The minotaur closely misses you. x2
You hit the minotaur but do no damage.
Unknown command.
You hit the minotaur but do no damage. You hit the minotaur but do no damage.
The minotaur hits you with a staff of air.
You are electrocuted.
The minotaur completely misses you.
You hit the minotaur but do no damage. You hit the minotaur but do no damage.
You hit the minotaur but do no damage. The minotaur barely misses you.
The minotaur completely misses you.
Unknown command.
You hit the minotaur but do no damage. You closely miss the minotaur.
Unknown command.
You closely miss the minotaur. The minotaur closely misses you.
The minotaur completely misses you.
You hit the minotaur but do no damage.
Unknown command.
You hit the minotaur but do no damage. You hit the minotaur but do no damage.
The minotaur hits you with a staff of air.
You are electrocuted.
The minotaur completely misses you.
You hit the minotaur but do no damage. You hit the minotaur but do no damage.
Unknown command.
You hit the minotaur but do no damage. You barely miss the minotaur.
The minotaur hits you with a staff of air!!
You are electrocuted.
The minotaur gores you.
You hit the minotaur but do no damage. You hit the minotaur but do no damage.
The minotaur completely misses you. The minotaur gores you!
* * * LOW HITPOINT WARNING * * *
Unknown command.
You hit the minotaur but do no damage. You hit the minotaur but do no damage.
Unknown command.
You hit the minotaur but do no damage.
The minotaur hits you but does no damage.
You are electrocuted!
* * * LOW HITPOINT WARNING * * *
The minotaur gores you!
* * * LOW HITPOINT WARNING * * *
You hit the minotaur but do no damage. You hit the minotaur but do no damage.
You hit the minotaur but do no damage. The minotaur closely misses you.
The minotaur misses you.
Unknown command.
You completely miss the minotaur.
The minotaur furiously retaliates!
The minotaur headbutts you!
* * * LOW HITPOINT WARNING * * *
You hit the minotaur but do no damage.
Unknown command.
You hit the minotaur but do no damage.
The minotaur hits you with a staff of air!
* * * LOW HITPOINT WARNING * * *
You are electrocuted!
* * * LOW HITPOINT WARNING * * *
The minotaur completely misses you.
Unknown command.
You feel a strong urge to attack something.
You are no longer berserk.
You are exhausted.
You feel yourself slow down.
Your hands stop glowing.
Danger!
The minotaur throws a javelin.
The javelin closely misses you.
The minotaur throws a javelin.
The javelin completely misses you.
Danger!
You feel much better.
You feel much better.
Unknown command.
You feel very mighty all of a sudden.
Danger!
You feel yourself speed up.
The minotaur hits you with a staff of air!!
You are electrocuted!
* * * LOW HITPOINT WARNING * * *
The minotaur completely misses you.
Unknown command.
Unknown command.
You puncture the minotaur! You burn the minotaur. You puncture the minotaur!
You burn the minotaur.
The minotaur hits you with a staff of air!
* * * LOW HITPOINT WARNING * * *
You are electrocuted!
* * * LOW HITPOINT WARNING * * *
The minotaur misses you.
You barely miss the minotaur. You hit the minotaur. You burn the minotaur.
The minotaur hits you with a staff of air!
You die...

Skill      XL: |  1  2  3  4  5  6  7  8  9 10 11 12 13 14 15 |
---------------+----------------------------------------------+-----
Stealth        | 6 7 18 19 | 19.0
Dodging        | 2 4 5 7 9 11 13 16 17 | 17.5
Short Blades   | 3 4 5 7 8 9 11 12 14 | 14.0
Fighting       | 2 3 4 5 6 7 8 10 11 12 | 12.6
Hexes          | 2 3 4 6 7 9 11 | 11.0
Spellcasting   | 1 2 3 4 5 |  5.0
Conjurations   | 2 |  2.0
Throwing       | |  2.0

Action                     |  1- 3 |  4- 6 |  7- 9 | 10-12 | 13-15 || total
---------------------------+-------+-------+-------+-------+-------++-------
  Melee: Dagger            |   170 |   215 |       |       |       ||   385
         Rapier            |       |     9 |   258 |   602 |  1078 ||  1947
         Punch             |       |     2 |     2 |     5 |       ||     9
  Throw: Dart              |       |    14 |    13 |    16 |       ||    43
   Cast: Confusing Touch   |       |     2 |    15 |    21 |     8 ||    46
         Dazzling Flash    |       |       |       |     3 |     9 ||    12
Ability: Lunge             |       |       |       |    49 |    88 ||   137
         Whirlwind         |       |       |       |    37 |    77 ||   114
  Evoke: Wand              |       |       |       |     6 |       ||     6
    Use: Scroll            |       |    15 |     2 |     7 |    13 ||    37
         Potion            |       |     1 |     1 |     1 |     7 ||    10
   Stab: Sleeping          |    14 |     8 |    23 |    44 |    39 ||   128
         Distracted        |       |     3 |       |     3 |    14 ||    20
         Confused          |       |     1 |     8 |    18 |     9 ||    36
         Invisible         |       |       |       |     4 |     2 ||     6
 Armour: Robe              |    21 |    23 |    22 |     8 |       ||    74
         Acid dragon scale |       |       |       |    42 |    49 ||    91
         Troll leather arm |       |       |       |       |    12 ||    12
  Dodge: Dodged            |    97 |   199 |   148 |   440 |   819 ||  1703

Levels and vault maps discovered:
D:1:      dpeg_arrival_shelter, layout_loops_ring,
          ebering_ecumenical_altar_hall, serial_shops,
          nicolae_shop_advertising_works [nicolae_subvault_shop_adworks]
D:2:      layout_basic, serial_shops, shop
D:3:      layout_loops_corners, mainiacjoe_overflow_chevrons, lemuel_round_altar
D:4:      layout_rooms, hangedman_ru_absence, portal_sewer_entry_f,
          serial_shops, nicolae_shop_crystal, uniq_edmund, uniq_natasha
D:5:      layout_layer_cave, minmay_temple_entry_enclosed_plants,
          enter_ossuary_5, minmay_ogre_servants
D:6:      layout_basic, serial_park_tiny_2
D:7:      layout_basic, marbit_many_paths, nicolae_dithmenos_shadow_blocks,
          enter_bailey_8
D:8:      gammafunk_steamed_eel, layout_basic, erik_lair_island,
          nrook_mini_vaults, kennysheep_generic_room_6, uniq_gastronok
D:9:      layout_layer_cave, tgw_sif, serial_demonic, serial_demonic_b,
          serial_demonic_b, serial_demonic_b, serial_demonic_e,
          serial_demonic_f, serial_demonic_a, serial_demonic_e,
          serial_park_tiny_1, uniq_maggie, uniq_amaemon
D:10:     layout_roguey, lemuel_doored_altar
D:11:     layout_basic, orc_0_dummy, uniq_sonja
D:12:     minmay_box_of_statues, layout_cave_pools, nicolae_nh_oracle_at_delphi
D:13:     layout_cave_pods, nicolae_trove_entry_diagonal
D:14:     minmay_the_grid_octo_2x2 [minmay_the_grid_octo_fat_diamond,
          minmay_the_grid_octo_checkerflower,
          minmay_the_grid_octo_thin_diamonds,
          minmay_the_grid_octo_prize_square_snowflake], layout_rooms,
          erik_vaults_2, kennysheep_nondescript, nicolae_wu_jian_glorious_leap
D:15:     hangedman_depths_entry_try_elsewhere_first, layout_rooms,
          maelrawn_ghost_gauntlet_escape, special_room [special_room_orc],
          fedhas_altar_1, gauntlet_entry_generic
Temple:   regret_index_temple_waves
Lair:1:   layout_chaotic_city, uniq_erica, uniq_joseph
Lair:2:   layout_regular_city, minmay_swamp_entry_swarm,
          nicolae_spider_entry_non_spiders, uniq_harold
Lair:3:   layout_regular_city, hellmonk_ghost_happy_afterlife, uniq_nergalle
Lair:4:   layout_gridlike, slime_entry_1
Lair:5:   hellmonk_lair_end_abyssal_woods, layout_hall_layers,
          kennysheep_rathole, serial_bayou_shore_b
Gauntlet: gammafunk_gauntlet_shortcut [nicolae_gauntlet_arena_quarters,
          gammafunk_gauntlet_arena_corners, gammafunk_gauntlet_arena_chambers,
          gammafunk_gauntlet_arena_mazey, nicolae_gauntlet_arena_grate_2,
          gammafunk_gauntlet_arena_crates, dreamdust_gauntlet_exit_labyrinth]

Notes
Turn   | Place    | Note
-------+----------+-------------------------------------------
     0 | D:1      | Sobieck the Spriggan Brigand began the quest for the Orb.
     0 | D:1      | Reached XP level 1. HP: 10/10 MP: 2/2
    72 | D:1      | Reached skill level 6 in Stealth
   195 | D:1      | Reached skill level 2 in Dodging
   225 | D:1      | Found a faded altar of an unknown god.
   244 | D:1      | Reached XP level 2. HP: 14/14 MP: 3/3
   327 | D:1      | Reached skill level 3 in Short Blades
   328 | D:1      | Found Unaoh's Assorted Antiques.
   832 | D:1      | Reached XP level 3. HP: 18/18 MP: 4/4
   955 | D:2      | Reached skill level 2 in Fighting
  1244 | D:2      | Found Mism's Distillery.
  1252 | D:2      | Bought a potion of curing for 36 gold pieces
  1252 | D:2      | Bought a potion of degeneration for 12 gold pieces
  1344 | D:2      | You pick up a book of Dangerous Friends and begin
                  | reading...
  1344 | D:2      | You add the spells Summon Guardian Golem, Orb of
                  | Destruction and Spellforged Servitor to your library.
  1608 | D:3      | You pick up a book of Touch and begin reading...
  1608 | D:3      | You add the spells Kiss of Death, Confusing Touch and
                  | Dispel Undead to your library.
  1927 | D:3      | HP: 2/19 [orc priest/divine providence (12)]
  2082 | D:3      | Reached XP level 4. HP: 23/23 MP: 5/5
  2098 | D:3      | Learned a level 3 spell: Confusing Touch
  2262 | D:3      | Found a glowing silver altar of Zin.
  2311 | D:3      | Found an iron altar of Okawaru.
  2358 | D:3      | Reached skill level 1 in Hexes
  2362 | D:3      | Reached skill level 4 in Short Blades
  2400 | D:3      | Reached skill level 1 in Spellcasting
  2702 | D:4      | Noticed a sky beast
  2760 | D:4      | Identified a scroll of acquirement
  2761 | D:4      | Acquired the ring "Micat" {rF+++ rCorr Dex+6}
  2844 | D:4      | Killed a sky beast
  2845 | D:4      | Reached skill level 2 in Hexes
  2845 | D:4      | Reached XP level 5. HP: 19/27 MP: 6/8
  2945 | D:4      | Found a sacrificial altar of Ru.
  2967 | D:4      | Found a glowing drain.
  3010 | Sewer    | Entered a sewer
  3096 | Sewer    | Reached skill level 2 in Spellcasting
  3096 | Sewer    | Reached skill level 3 in Hexes
  3284 | Sewer    | Reached XP level 6. HP: 32/32 MP: 10/10
  3512 | Sewer    | Reached skill level 3 in Fighting
  3670 | Sewer    | Reached skill level 4 in Hexes
  3682 | Sewer    | Acquired a +0 rapier of electrocution
  3809 | D:4      | Noticed Edmund
  3822 | D:4      | HP: 6/32 [Edmund/+2 dire flail of holy wrath (11)]
  3825 | D:4      | Killed Edmund
  3826 | D:4      | Reached skill level 5 in Short Blades
  3826 | D:4      | Reached skill level 3 in Spellcasting
  3826 | D:4      | Reached XP level 7. HP: 8/36 MP: 9/12
  3961 | D:4      | Noticed Natasha
  3968 | D:4      | Killed Natasha
  4064 | D:4      | Reached skill level 5 in Hexes
  4141 | D:4      | Found Ajoteokk's Jewellery Emporium.
  4291 | D:5      | Entered Level 5 of the Dungeon
  4761 | D:5      | Found a staircase to the Ecumenical Temple.
  4767 | Temple   | Entered the Ecumenical Temple
  5090 | D:4      | Reached skill level 4 in Spellcasting
  5090 | D:4      | Reached skill level 6 in Hexes
  5214 | D:5      | Reached skill level 4 in Fighting
  5214 | D:5      | Reached XP level 8. HP: 42/42 MP: 12/15
  5310 | D:5      | Reached skill level 6 in Short Blades
  5370 | D:5      | Reached skill level 5 in Spellcasting
  5756 | D:5      | Reached skill level 3 in Dodging
  6327 | D:6      | Reached skill level 7 in Stealth
  6385 | D:6      | Reached skill level 4 in Dodging
  6667 | D:6      | Reached skill level 7 in Short Blades
  6667 | D:6      | Reached XP level 9. HP: 28/46 MP: 11/17
  6681 | D:6      | Reached skill level 8 in Stealth
  6847 | D:6      | Reached skill level 5 in Fighting
  6850 | D:6      | You pick up a book of Minor Magic and begin reading...
  6850 | D:6      | You add the spells Magic Dart, Call Imp and Mephitic Cloud
                  | to your library.
  7338 | D:7      | Found a flagged portal.
  7347 | Bailey   | Entered a bailey
  7428 | Bailey   | Reached skill level 5 in Dodging
  7677 | Bailey   | Reached skill level 18 in Stealth
  7677 | Bailey   | Reached XP level 10. HP: 51/51 MP: 18/18
  8092 | D:7      | Found a shadowy altar of Dithmenos.
  8111 | D:7      | You pick up a book of Maledictions and begin reading...
  8111 | D:7      | You add the spells Anguish and Enfeeble to your library.
  8598 | D:7      | Found an ornate altar of the Wu Jian Council.
  8603 | D:7      | Became a worshipper of the Wu Jian Council
  8915 | D:8      | Noticed Gastronok
  9038 | D:8      | Killed Gastronok
  9039 | D:8      | Reached skill level 8 in Short Blades
  9039 | D:8      | Reached skill level 6 in Dodging
  9258 | D:4      | Bought an amulet of the acrobat for 420 gold pieces
  9394 | D:8      | Found a staircase to the Lair.
  9651 | D:8      | HP: 12/53 [electric eel/bolt of electricity (6)]
  9833 | D:9      | Noticed a smoke demon
  9835 | D:9      | Killed a smoke demon
  9876 | D:9      | Noticed Maggie
  9878 | D:9      | Killed Maggie
  9879 | D:9      | Reached skill level 6 in Fighting
  9879 | D:9      | Reached skill level 7 in Dodging
  9980 | D:9      | Reached XP level 11. HP: 56/56 MP: 19/19
 10132 | D:9      | Reached * piety under Wu Jian
 10808 | D:8      | Found a transporter.
 10824 | D:8      | Found a transporter.
 11552 | D:8      | Reached skill level 8 in Dodging
 11809 | D:9      | Could not pick up a +1 triple sword of holy wrath
                  | {longrare=g} here; ([A]lways) ignore it?
 11848 | D:9      | Noticed Amaemon
 11892 | Lair:1   | Entered Level 1 of the Lair of Beasts
 11892 | Lair:1   | Noticed Erica
 11893 | Lair:1   | Killed Erica
 11894 | Lair:1   | Reached skill level 9 in Short Blades
 11905 | Lair:1   | Reached skill level 7 in Fighting
 11927 | Lair:1   | Noticed a death yak
 11930 | Lair:1   | Noticed a death yak
 11934 | Lair:1   | Killed a death yak
 12082 | D:8      | HP: 14/58 [death yak[a torpor snail] (10)]
 12251 | D:8      | Killed a death yak
 12353 | Lair:1   | Reached ** piety under Wu Jian
 12361 | Lair:1   | Reached skill level 19 in Stealth
 12713 | Lair:1   | Noticed Joseph
 12771 | Lair:1   | Killed Joseph
 12842 | Lair:1   | Reached skill level 7 in Hexes
 12868 | Lair:1   | Reached skill level 9 in Dodging
 12943 | Lair:1   | Acquired the +9 rapier of Calamity {flame, rPois}
 13726 | Lair:1   | Upgraded the game from 0.30-a0-870-gc5d4c5acee to
                  | 0.30-a0-879-ga8ba668304
 13788 | Lair:2   | Noticed a catoblepas
 13790 | Lair:2   | Found a hole to the Spider Nest.
 13793 | Lair:2   | Killed a catoblepas
 13794 | Lair:2   | Reached XP level 12. HP: 64/64 MP: 20/20
 13795 | Lair:2   | Reached *** piety under Wu Jian
 13800 | Lair:2   | Reached skill level 10 in Short Blades
 13879 | Lair:2   | Noticed Harold
 13891 | Lair:2   | Killed Harold
 14082 | Lair:2   | You add the spells Blink, Manifold Assault and Storm Form
                  | to your library.
 14167 | Lair:2   | Reached skill level 8 in Hexes
 14371 | Lair:2   | Reached skill level 8 in Fighting
 14373 | Lair:2   | Reached skill level 10 in Dodging
 14507 | Lair:2   | Found a staircase to the Swamp.
 14729 | Lair:3   | Noticed Nergalle
 14735 | Lair:3   | Killed Nergalle
 14813 | Lair:3   | Noticed epsilonplus's ghost (journeyman MiHu)
 14836 | Lair:3   | You pick up a book of the Senses and begin reading...
 14836 | Lair:3   | You add the spells Dazzling Flash, Agony and Silence to
                  | your library.
 14861 | Lair:2   | Learned a level 3 spell: Dazzling Flash
 14963 | Lair:3   | Reached skill level 1 in Conjurations
 15146 | Lair:3   | Reached skill level 2 in Conjurations
 15233 | Lair:3   | Reached skill level 9 in Hexes
 15321 | Lair:3   | Found a runed translucent door.
 15357 | Lair:3   | Reached **** piety under Wu Jian
 15358 | Lair:3   | Reached skill level 11 in Short Blades
 15358 | Lair:3   | Reached skill level 11 in Dodging
 16051 | Lair:4   | You fall into a shaft and drop 1 floor!
 16051 | Lair:5   | Entered Level 5 of the Lair of Beasts
 16104 | Lair:5   | Reached XP level 13. HP: 50/69 MP: 21/21
 16348 | Lair:4   | Reached skill level 9 in Fighting
 16362 | Lair:4   | You pick up a book of Flames and begin reading...
 16362 | Lair:4   | You add the spells Inner Flame, Sticky Flame and Flame Wave
                  | to your library.
 16408 | Lair:4   | Reached skill level 10 in Hexes
 16691 | Lair:4   | Found a staircase to the Slime Pits.
 16691 | Lair:4   | Found a viscous altar of Jiyva.
 17384 | Lair:4   | Reached skill level 12 in Dodging
 17595 | Lair:5   | Reached ***** piety under Wu Jian
 18283 | Lair:5   | Reached skill level 12 in Short Blades
 18861 | Lair:5   | Reached skill level 11 in Hexes
 19346 | Lair:5   | Reached skill level 13 in Dodging
 19598 | Lair:5   | Reached skill level 10 in Fighting
 20053 | Lair:5   | Reached XP level 14. HP: 77/77 MP: 22/22
 20172 | Lair:5   | Found a corrupted altar of Lugonu.
 20172 | Lair:5   | Found a one-way gate to the infinite horrors of the Abyss.
 20182 | Lair:5   | You add the spells Summon Small Mammal and Summon Ice Beast
                  | to your library.
 20182 | Lair:5   | Got Peeh's Commentary on Rallying
 20431 | D:9      | Killed Amaemon
 20702 | D:1      | Bought a scroll of identify for 62 gold pieces
 21512 | D:9      | Found a shimmering blue altar of Sif Muna.
 21840 | D:10     | Entered Level 10 of the Dungeon
 21912 | D:10     | Found a burning altar of Makhleb.
 21977 | D:10     | Reached skill level 13 in Short Blades
 22266 | D:10     | You pick up a book of Armaments and begin reading...
 22266 | D:10     | You add the spells Stone Arrow, Animate Armour and
                  | Lehudib's Crystal Spear to your library.
 22710 | D:11     | You pick up a book of Cantrips and begin reading...
 22710 | D:11     | You add the spells Necrotise and Apportation to your
                  | library.
 22721 | D:11     | Found a staircase to the Orcish Mines.
 22770 | D:11     | Noticed Sonja
 22782 | D:11     | Killed Sonja
 22852 | D:11     | Reached skill level 14 in Dodging
 24253 | D:12     | Found The Oracle's Delphic Readings.
 24316 | D:12     | Bought a scroll of noise for 15 gold pieces
 24316 | D:12     | Bought a scroll of identify for 30 gold pieces
 24316 | D:12     | Bought a scroll of enchant weapon for 112 gold pieces
 24480 | D:12     | Reached ****** piety under Wu Jian
 24549 | D:12     | Identified the ring "Juaf Ora" {rPois Str+3}
 25042 | D:13     | Reached skill level 11 in Fighting
 25044 | D:13     | Reached skill level 15 in Dodging
 25047 | D:13     | Reached skill level 14 in Short Blades
 25383 | D:13     | Found a portal to a secret trove of treasure.
 25391 | D:13     | This trove needs +2 ice dragon scales to function. Give it
                  | the item?
 26100 | D:14     | Identified the +10 broad axe "Ogrebane" {freeze, +Blink
                  | rElec rC- Int+2 Dex+3}
 26409 | D:14     | Identified the ring "Qoamiroc" {rC- rN++ AC+4 Dex+6}
 26926 | D:14     | You pick up a book of Vapours and begin reading...
 26926 | D:14     | You add the spells Poisonous Vapours and Cigotuvi's
                  | Dreadful Rot to your library.
 26926 | D:14     | You add the spells Passwall and Kindle Blastsparks to your
                  | library.
 26926 | D:14     | Got the Guidebook on the Caves and Sparks
 26938 | D:14     | Identified the +3 scale mail "Doyked" {rF++ Str-4 Int+4}
 27125 | D:14     | Reached skill level 16 in Dodging
 27125 | D:14     | Reached XP level 15. HP: 83/83 MP: 23/23
 27566 | D:14     | Found a gate to the Vaults.
 27592 | D:14     | Reached skill level 12 in Fighting
 27665 | D:14     | HP: 15/84 [vault guard/+0 glaive (20)]
 27665 | D:14     | HP: 6/84 [vault guard/+0 bardiche (9)]
 27739 | D:13     | HP: 13/84 [vault guard/+0 glaive (26)]
 27946 | D:14     | You pick up a book of Hexes and begin reading...
 27946 | D:14     | You add the spells Cause Fear and Discord to your library.
 28032 | D:14     | Found an ornate altar of the Wu Jian Council.
 28139 | D:15     | Entered Level 15 of the Dungeon
 28146 | D:15     | Reached skill level 17 in Dodging
 28229 | D:15     | Found a gate leading to a gauntlet.
 28238 | Gauntlet | Entered a Gauntlet
 28238 | Gauntlet | Found a transporter.
 28238 | Gauntlet | Found a transporter.
 28239 | Gauntlet | Found a transporter.
 28242 | Gauntlet | Found a transporter.
 28242 | Gauntlet | Found a transporter.
 28254 | Gauntlet | Found a transporter.
 28319 | Gauntlet | Found a transporter.
 28329 | Gauntlet | Found a transporter.
 28333 | Gauntlet | Found the +3 pair of seven-league boots {Rampage+∞}
 28345 | Gauntlet | Found a transporter.
 28359 | Gauntlet | Found a transporter.
 28374 | Gauntlet | Found a transporter.
 28380 | Gauntlet | Found a transporter.
 28543 | Gauntlet | Identified the amulet of the Meadowlark {Spirit Rampage
                  | rPois rN+}
 28632 | Gauntlet | Identified the ring of Megalomania {rN+ Will+ Dex+3}
 28667 | Gauntlet | HP: 29/127 [minotaur's headbutt (11)]
 28669 | Gauntlet | HP: 12/127 [minotaur/staff of air (8)]
 28691 | Gauntlet | HP: 12/85 [minotaur/staff of air (13)]
 28693 | Gauntlet | Slain by a minotaur

Vanquished Creatures
  Gastronok (D:8)
  8 vault guards
  4 hydras
  Harold (Lair:2)
  A catoblepas (Lair:2)
  Erica (Lair:1)
  2 ogre magi
  4 boulder beetles
  2 death knights (D:14)
  4 centaur warriors
  8 death yaks
  7 two-headed ogres
  A tengu warrior (D:14)
  2 thrashing horrors (Lair:5)
  Sonja (D:11)
  Nergalle (Lair:3)
  Amaemon (D:9)
  A skyshark (Lair:3)
  2 glowing orange brains (Gauntlet)
  A death drake (Gauntlet)
  2 large abominations (Lair:5)
  2 wizards (D:14)
  An orc knight (D:14)
  2 deep elf pyromancers
  3 manticores
  6 cyclopes
  13 ugly things
  A centaur zombie (Gauntlet)
  A salamander (shapeshifter) (D:14)
  2 black mambas
  Joseph (Lair:1)
  A rust devil (D:9)
  10 elephants
  2 torpor snails
  3 smoke demons
  An orange demon (D:9)
  Maggie (D:9)
  8 cane toads
  5 gargoyles
  2 efreet (D:14)
  2 kobold demonologists
  2 freezing wraiths
  5 komodo dragons
  2 unseen horrors (D:12)
  3 ancient zymes (Lair:5)
  7 trolls
  A wolf spider simulacrum (D:13)
  A hellwing (D:9)
  13 blink frogs
  15 dream sheep (Lair:5)
  A spectral meliai (Gauntlet)
  8 slime creatures
  A shadow (D:13)
  2 spriggans (Lair:5)
  4 ynoxinuls (Lair:5)
  38 yaks
  4 vampires
  3 wyverns
  A wraith (D:11)
  7 basilisks
  2 chaos spawn
  A steam dragon (Lair:2)
  7 vampire mosquitoes
  Edmund (D:4)
  4 acid dragons
  13 water moccasins
  An ice beast (D:6)
  A sky beast (D:4)
  4 black bears
  11 small abominations (Lair:5)
  5 orc warriors
  13 wolves
  6 ogres
  16 centaurs
  A phantom (D:5)
  5 kobold brigands
  8 bullfrogs
  2 gnoll sergeants
  9 scorpions
  5 wights (D:9)
  16 killer bees
  7 electric eels (D:8)
  10 howler monkeys
  4 quasits (D:9)
  2 jellies
  5 orc priests
  A gnoll bouda (D:4)
  9 hounds
  A sleepcap (D:5)
  2 iguanas
  16 orc wizards
  Natasha (D:4)
  8 hell rats
  18 gnolls
  8 adders
  8 river rats (Lair:5)
  A white imp (D:6)
  An ufetubus (D:6)
  A worm (D:5)
  3 dart slugs
  49 orcs
  14 ball pythons
  17 endoplasms
  22 giant cockroaches
  14 goblins
  6 hobgoblins
  10 jackals
  6 quokkas
  5 bats
  10 frilled lizards
  10 kobolds
  10 rats
650 creatures vanquished.

Vanquished Creatures (others)
  An ugly thing (D:14)
  An orc (D:8)
  A demonic plant (D:9)
  16 fungi
  25 plants
44 creatures vanquished.

Grand Total: 694 creatures vanquished

Table legend:
 A = Non-vault XP
 B = Vault XP
 C = Vault XP percentage of total XP
 D = Non-vault monster count
 E = Vault monster count
 F = Vault count percentage of total count
                 A         B        C        D         E       F
            +---------+---------+-------+---------+---------+-------
      Total |   73896 |   50814 |  40.7 |     411 |     240 |  36.9
            +---------+---------+-------+---------+---------+-------
        D:1 |      41 |       0 |   0.0 |      23 |       0 |   0.0
        D:2 |      49 |       0 |   0.0 |      20 |       0 |   0.0
        D:3 |      73 |       0 |   0.0 |      18 |       0 |   0.0
        D:4 |     378 |     213 |  36.0 |      23 |       8 |  25.8
        D:5 |     965 |     139 |  12.6 |      14 |       9 |  39.1
        D:6 |    1064 |       0 |   0.0 |      21 |       0 |   0.0
        D:7 |     609 |      40 |   6.2 |      16 |       1 |   5.9
        D:8 |    1411 |    2458 |  63.5 |      12 |      13 |  52.0
        D:9 |    2440 |    3483 |  58.8 |      32 |      12 |  27.3
       D:10 |    1248 |       0 |   0.0 |       9 |       0 |   0.0
       D:11 |    5533 |     782 |  12.4 |      31 |       1 |   3.1
       D:12 |    2675 |    7012 |  72.4 |      12 |      23 |  65.7
       D:13 |    8458 |    2599 |  23.5 |      26 |       3 |  10.3
       D:14 |    6778 |   14184 |  67.7 |      18 |      24 |  57.1
       D:15 |    6624 |       0 |   0.0 |      10 |       0 |   0.0
     Lair:1 |    4305 |    1760 |  29.0 |      23 |       5 |  17.9
     Lair:2 |    4175 |    2015 |  32.6 |      15 |      13 |  46.4
     Lair:3 |    9390 |     779 |   7.7 |      29 |       1 |   3.3
     Lair:4 |    4135 |       0 |   0.0 |      18 |       0 |   0.0
     Lair:5 |   13545 |   11310 |  45.5 |      41 |      52 |  55.9
      Sewer |       0 |     301 | 100.0 |       0 |      45 | 100.0
     Bailey |       0 |     296 | 100.0 |       0 |      24 | 100.0
   Gauntlet |       0 |    3443 | 100.0 |       0 |       6 | 100.0
            +---------+---------+-------+---------+---------+-------

Illustrated notes

Table legend:
 A = Kills in this place as a percentage of kills in the entire game.
 B = Kills by you in this place as a percentage of kills by you in the entire game.
 C = Kills by friends in this place as a percentage of kills by friends in the entire game.
 D = Other kills in this place as a percentage of other kills in the entire game.
 E = Experience gained in this place as a percentage of experience gained in the entire game.
 F = Experience gained in this place divided by the number of levels of this place that you have seen.
                   A       B       C       D       E      F
               +-------+-------+-------+-------+-------+----------------------
         Total | 100.0 | 100.0 |   N/A | 100.0 | 100.0 | 5196.2
       Dungeon |  58.2 |  58.1 |   N/A |  75.0 |  55.5 | 4617.1
          Lair |  30.3 |  30.3 |   N/A |  25.0 |  41.2 | 10282.8
         Sewer |   6.9 |   7.0 |   N/A |   0.0 |   0.2 | 301.0
        Bailey |   3.7 |   3.7 |   N/A |   0.0 |   0.2 | 296.0
      Gauntlet |   0.9 |   0.9 |   N/A |   0.0 |   2.8 | 3443.0
               +-------+-------+-------+-------+-------+----------------------

Table legend: (Time is in decaauts)
 A = Elapsed time spent in this place.
 B = Non-inter-level travel time spent in this place.
 C = Inter-level travel time spent in this place.
 D = Time resting spent in this place.
 E = Time spent auto-exploring this place.
 F = Levels seen in this place.
 G = Mean time per level.
                   A        B        C        D        E       F      G
               +--------+--------+--------+--------+--------+-----+--------+
         Total |  21772 |  20923 |    849 |   7458 |   7105 |  24 |  907.2 |
       Dungeon |  14161 |  13441 |    720 |   4798 |   5285 |  15 |  944.1 |
        Temple |     88 |     65 |     23 |      0 |     46 |   1 |   88.0 |
          Lair |   6200 |   6095 |    105 |   2217 |   1709 |   5 | 1240.0 |
         Sewer |    671 |    671 |      0 |    248 |      0 |   1 |  671.0 |
        Bailey |    323 |    323 |      0 |    100 |     60 |   1 |  323.0 |
      Gauntlet |    327 |    327 |      0 |     94 |      3 |   1 |  327.0 |
               +--------+--------+--------+--------+--------+-----+--------+

Top non-repeatable levels by time:
  Lair:5: 2435 daAuts
    D:13: 1622 daAuts
     D:8: 1520 daAuts
     D:9: 1470 daAuts
    D:14: 1329 daAuts
     D:4: 1135 daAuts
  Lair:1: 1112 daAuts
     D:7: 1103 daAuts
  Lair:3: 1071 daAuts
     D:5: 944 daAuts
    D:11: 944 daAuts
     D:6: 936 daAuts
  Lair:2: 833 daAuts
    D:12: 776 daAuts
  Lair:4: 745 daAuts
